Map: Year Zero LE

Players

soO - Winner!

  • Race: Zerg Zerg
  • Spawn Location: 11:00

Stats

  • Race: Protoss Protoss
  • Spawn Location: 1:00

Event: IEM Season 13: Katowice (2019)

VOD

Have the link to the VOD?

Description

Time

  • Played on: March 3, 2019, 7:54 a.m.
  • Length: 7:40

All games in this series

Show
View Real Time Build Order
Export as new Build Order

soO Zerg - Winner!

Build Orders: Hatch First 

Get SALT Encoding   

  12  0:00  Drone  
  13  0:12  Overlord  
  13  0:17  Drone  
  14  0:30  Drone x2  
  14  0:35  Drone  
  17  0:52  Hatchery  
  17  0:55  Drone  
  17  0:58  Drone  
  18  1:09  Extractor  
  17  1:13  Spawning Pool  
  17  1:16  Drone  
  17  1:19  Drone  
  18  1:28  Drone  
  19  1:38  Drone  
  20  1:47  Hatchery  
  20  1:51  Drone  
  20  2:03  Drone  
  20  2:04  Queen  
  20  2:07  Drone  
  24  2:11  Drone  
  25  2:19  Overlord  
  25  2:25  Queen  
  25  2:29  Drone  
  28  2:32  Metabolic Boost  
  28  2:38  Drone  
  28  2:39  Drone  
  28  2:40  Drone  
  31  2:45  Drone  
  31  2:46  Drone  
  33  2:55  Drone  
  33  2:58  Zergling x2  
  35  2:59  Queen  
  35  3:00  Drone  
  35  3:04  Overlord  
  38  3:09  Drone  
  39  3:18  Queen  
  42  3:20  Drone  
  42  3:24  Drone x4  
  42  3:25  Overlord  
  46  3:33  Overlord, Drone x3  
  49  3:37  Overlord  
  49  3:42  Drone  
  49  3:48  Drone x3  
  53  3:52  Lair, Zergling x2  
  53  3:53  Zergling x2  
  53  3:54  Zergling x2  
  56  3:56  Queen  
  58  4:05  Zergling x4  
  58  4:08  Drone x4  
  64  4:15  Drone x4  
  64  4:16  Overlord  
  68  4:18  Extractor  
  68  4:19  Extractor  
  68  4:22  Roach Warren  
  68  4:23  Drone x2  
  67  4:26  Drone x2  
  67  4:27  Drone  
  67  4:29  Drone  
  67  4:31  Evolution Chamber  
  70  4:44  Drone x3  
  73  4:47  Extractor  
  73  4:52  Zergling x4  
  74  4:53  Overseer, Zergling x4  
  74  4:54  Hydralisk Den  
  74  4:55  Drone  
  74  4:58  Extractor  
  74  5:00  Overlord  
  74  5:02  Zerg Missile Weapons Level 1  
  74  5:08  Drone  
  74  5:09  Overlord  
  74  5:14  Glial Reconstitution  
  75  5:17  Overlord x3  
  74  5:30  Grooved Spines  
  74  5:32  Hydralisk x2  
  74  5:34  Overlord  
  78  5:36  Drone x3  
  78  5:37  Hydralisk x2  
  78  5:41  Zergling x6  
  88  5:43  Hydralisk  
  89  5:50  Hydralisk x2  
  89  5:51  Zergling x4  
  89  5:55  Roach x2  
  99  6:00  Hydralisk x2  
  99  6:02  Overlord  
  103  6:05  Hydralisk  
  103  6:06  Roach, Zergling x4  
  103  6:07  Zergling x2  
  110  6:12  Roach x2  
  110  6:15  Roach  
  116  6:20  Roach, Ravager  
  116  6:23  Roach  
  120  6:27  Roach x3  
  120  6:28  Roach, Zergling x6  
  120  6:29  Roach  
  119  6:34  Roach x2  
  119  6:37  Roach x2  
  124  6:41  Hydralisk, Spine Crawler  
  124  6:44  Hydralisk  
  113  6:50  Roach x2  
  113  6:51  Roach  
  107  6:56  Roach x3  
  107  6:57  Roach  
  107  7:01  Hydralisk  
  102  7:04  Zergling x2  
  105  7:12  Hydralisk x2  
  105  7:13  Hydralisk  
  105  7:14  Zergling x4  
  98  7:18  Zergling x2  
Show
View Real Time Build Order
Export as new Build Order

Stats Protoss 

Build Orders: 1 Gate Expand 

Get SALT Encoding   

  12  0:00  Probe  
  13  0:12  Probe  
  14  0:20  Pylon  
  14  0:24  Probe  
  15  0:34  Probe  
  15  0:42  Probe  
  16  0:44  Gateway  
  16  0:47  Assimilator  
  17  0:52  Probe  
  18  1:04  Probe  
  19  1:16  Probe  
  20  1:24  Nexus  
  20  1:34  Cybernetics Core  
  20  1:37  Probe  
  21  1:43  Assimilator  
  21  1:49  Probe  
  22  1:54  Pylon  
  22  2:01  Probe  
  23  2:11  Probe  
  23  2:12  Adept  
  26  2:16  Robotics Facility  
  26  2:19  Probe  
  26  2:22  Warp Gate  
  26  2:28  Probe  
  27  2:33  Probe  
  27  2:36  Probe  
  28  2:41  Probe  
  28  2:42  Stalker  
  32  2:44  Probe  
  34  2:52  Probe  
  34  2:54  Probe  
  36  3:00  Warp Prism  
  36  3:04  Probe  
  37  3:06  Probe  
  37  3:12  Pylon  
  40  3:15  Sentry  
  40  3:16  Probe  
  43  3:23  Probe  
  44  3:28  Probe  
  44  3:32  Observer  
  45  3:34  Assimilator  
  45  3:36  Assimilator  
  45  3:38  Probe  
  45  3:40  Probe  
  48  3:43  Immortal  
  48  3:46  Gateway  
  48  3:49  Gateway  
  52  3:56  Probe x2  
  54  4:04  Pylon  
  54  4:05  Pylon  
  54  4:12  Immortal  
  54  4:22  Probe x2  
  54  4:23  Stalker  
  62  4:27  Gateway  
  62  4:42  Gateway, Stalker  
  62  4:43  Gateway  
  64  4:47  Sentry  
  64  4:48  Sentry  
  68  4:59  Gateway  
  68  5:00  Gateway  
  68  5:09  Pylon  
  68  5:10  Pylon  
  68  5:12  Pylon  
  68  5:34  Sentry x2  
  68  5:35  Sentry x2  
  76  5:36  Sentry  
  76  5:41  Sentry  
  80  5:45  Pylon  
  80  5:47  Pylon  
  80  5:49  Pylon  
  80  5:53  Sentry x2  
  84  6:00  Pylon  
  84  6:06  Sentry x2  
  84  6:07  Zealot x4  
  84  6:11  Zealot x2  
  96  6:35  Sentry x2, Zealot x5  
  96  6:36  Zealot  
  84  6:57  Stalker x4  
  84  6:58  Stalker x3  
  82  7:03  Stalker  
  74  7:21  Stalker x4  
  74  7:22  Zealot x3  
  76  7:26  Zealot  

Tags
 
Add a new tag
Caveats
  • Supply blocks, unpowered buildings, or Contaminate may cause inaccurate times.
  • Supply counts are checked every 10 seconds.